 Dungeon Crawl Stone Soup version 0.22-a0-608-g8a62e23 (webtiles) character file.

64 Goblin1989 the Scratcher (level 3, -4/17 HPs)
             Began as a Felid Chaos Knight on July 9, 2018.
             Killed from afar by Natasha (8 damage)
             ... with a magic dart
             ... on level 2 of the Dungeon.
             The game lasted 00:06:09 (2045 turns).

Goblin1989 the Scratcher (Felid Chaos Knight)       Turns: 2045, Time: 00:06:10

Health: -4/17      AC:  1    Str:  8    XL:     3   Next: 91%
Magic:  4/4        EV: 19    Int: 13    God:    Xom [.*....]
Gold:   48         SH:  0    Dex: 16    Spells: 2/2 levels left
                                        Lives:  0   Deaths: 1

rFire    . . .     SeeInvis +     - Unarmed
rCold    . . .     Gourm    .   (shield unavailable)
rNeg     . . .     Faith    .   (armour unavailable)
rPois    .         Spirit   .   (helmet unavailable)
rElec    .         Reflect  .   (cloak unavailable)
rCorr    .         Harm     .   (gloves unavailable)
MR       .....                  (boots unavailable)
Stlth    +++.......             (no amulet)
HPRegen  0.05/turn              (no ring)
MPRegen  0.09/turn              (no ring)

@: quick
A: very small, no armour, no weapons or thrown items, stealth, claws 1, fangs 3,
see invisible, carnivore, speed 1, shaggy fur 1, slow metabolism 1, sharp paws
a: Renounce Religion


You were on level 2 of the Dungeon.
You worshipped Xom.
You were a plaything of Xom.
You were full.

You visited 1 branch of the dungeon, and saw 2 of its levels.

You collected 48 gold pieces.

Inventory:

Scrolls
 f - a scroll of fear {unknown}
 l - a scroll of fog {unknown}
 m - a scroll of remove curse {unknown}
 n - a scroll of identify {unknown}
 o - a scroll of immolation {unknown}
Potions
 h - 2 potions of magic {unknown}
 i - 2 potions of agility
 j - a potion of cancellation {unknown}
Comestibles
 e - 7 rations


   Skills:
 + Level 3.5 Fighting
 + Level 4.1 Dodging
 + Level 2.5 Stealth
 * Level 4.1 Unarmed Combat


You had 2 spell levels left.
You didn't know any spells.
Your spell library was empty.

Dungeon Overview and Level Annotations

Branches:
Dungeon (2/15)

Altars:
Xom

Annotations:
D:2 Natasha, Terence


Innate Abilities, Weirdness & Mutations

You cannot wear armour.
You are incapable of wielding weapons or throwing items.
Your paws allow you to move quietly. (Stealth)
You have sharp claws.
You have razor-sharp teeth.
You have supernaturally acute eyesight. (SInv)
You are carnivorous and can eat meat at any time.
You cover ground quickly.
You are covered in fur. (AC +1)
You have a slow metabolism.
Your sharp claws are effective at attacking unaware monsters.


Message History

No target in view!
No target in view!
No target in view!
Natasha is too close now for your liking.
Natasha is nearby!
Natasha is nearby!
Found a stone staircase leading down.
Natasha casts a spell at you. The magic dart hits you!
* * * LOW HITPOINT WARNING * * *
A shower of butterflies erupts from you!
You are too injured to fight recklessly!
You are too injured to fight recklessly!
You take 6 damage, and have 8/17 hp.
MASSIVE DAMAGE!!
You are too injured to fight recklessly!
You are too injured to fight recklessly!
You are too injured to fight recklessly!
You are too injured to fight recklessly!
You are too injured to fight recklessly!
You are too injured to fight recklessly!
You are too injured to fight recklessly!
You are too injured to fight recklessly!
You are too injured to fight recklessly!
You are too injured to fight recklessly!
You are too injured to fight recklessly!
You are too injured to fight recklessly!
You are too injured to fight recklessly!
You are too injured to fight recklessly!
You are too injured to fight recklessly!
You are too injured to fight recklessly!
You are too injured to fight recklessly!
You are too injured to fight recklessly!
You are too injured to fight recklessly!
You are too injured to fight recklessly!
You are too injured to fight recklessly!
You are too injured to fight recklessly!
You are too injured to fight recklessly!
You are too injured to fight recklessly!
You are too injured to fight recklessly!
You swap places.
Natasha claws you but does no damage.
You closely miss Natasha. You scratch Natasha.
Natasha is moderately wounded.
Xom's power touches on your mind for a moment.
Natasha looks rather confused.
You are now a plaything of Xom.
Natasha barely misses you.
You barely miss Natasha.
Natasha is moderately wounded.
Natasha barely misses herself.
You scratch Natasha.
Natasha is heavily wounded.
Natasha completely misses you.
You scratch Natasha.
Natasha is severely wounded.
You scratch Natasha but do no damage.
Natasha is severely wounded.
You catch the helpless Natasha completely off-guard!
You claw Natasha!
You kill Natasha!
Natasha growls in agony!
There is a stone staircase leading down here.
Your butterfly degenerates into a cloud of primal chaos!
Your butterfly disappears in a puff of smoke!
Key pressed, stopping explore.
Natasha, Servant of Life and Death comes into view.
You regained 3 hp, and now have 11/17 hp.
There is a stone staircase leading down here.
Natasha hisses angrily.
You claw Natasha!
Natasha is heavily wounded.
Natasha completely misses you.
You scratch Natasha but do no damage.
Natasha is heavily wounded.
Natasha completely misses you.
You closely miss Natasha.
Natasha is heavily wounded.
Natasha mumbles some strange words.
You miss Natasha.
Natasha is heavily wounded.
Natasha casts a spell.
You claw Natasha! You claw Natasha, but do no damage.
You bite Natasha, but do no damage.
Natasha is almost dead.
Natasha drinks a potion.
Natasha suddenly seems more agile.
You scratch Natasha but do no damage. You claw Natasha, but do no damage.
Natasha is almost dead.
The crimson imp blinks!
Natasha stares at you and mumbles some strange words.
The magic dart hits you!
* * * LOW HITPOINT WARNING * * *
A shower of butterflies erupts from you!
You take 7 damage, and have 4/17 hp.
MASSIVE DAMAGE!!
You closely miss Natasha.
Natasha is almost dead.
The crimson imp blinks!
Natasha stares at you and mumbles some strange words.
The magic dart hits you!
You die...
Xom thinks this is hilarious!

█.██..██ █.██.█ █.█ █
██.█ █.██.█ █.█ █.█
█.██.█████.█ █.█
█.██.......█ █.█
█.████████.█
█.███.████.█ ███..
█....b>....██████....
.███..██b██████..(......
......§@§b...██.████.██.
.5.....hb███.██.........
█████.██████.███████.██.
█.█.................
█.█.████.........██) ..
█.█.█ ██........██( ..█
█.█.█ ██.█████.███. █.█
█.█.████...█ █.█ █. █.█
█..........█ █.█ █<


You could see Natasha and a crimson imp.

Vanquished Creatures
  Natasha (twice) (D:2)
  2 adders (D:2)
  An ooze (D:2)
  A dart slug (D:1)
  A leopard gecko (D:2)
  A ball python (D:1)
  A giant cockroach (D:1)
  6 goblins (D:1)
  3 hobgoblins
  2 jackals (D:1)
  A quokka (D:2)
  2 bats (D:1)
  2 frilled lizards
  6 kobolds
  4 rats
35 creatures vanquished.

Notes
Turn   | Place    | Note
-------+----------+-------------------------------------------
     0 | D:1      | Goblin1989 the Felid Chaos Knight began the quest for the Orb.
     0 | D:1      | Reached XP level 1. HP: 10/10 MP: 2/2
     0 | D:1      | Goblin1989: /mute
     0 | D:1      | Goblin1989: /hide
    61 | D:1      | XOM: harmless Chrm miscast
   186 | D:1      | Reached XP level 2. HP: 8/14 MP: 3/3
   193 | D:1      | Reached skill level 1 in Stealth
   360 | D:1      | XOM: harmless Air miscast
   467 | D:1      | XOM: silly message
   508 | D:1      | XOM: harmless Erth miscast
   667 | D:1      | XOM: silly message
   680 | D:1      | XOM: harmless Ice miscast
  1195 | D:2      | XOM: butterfly on damage
  1198 | D:2      | Reached XP level 3. HP: 13/17 MP: 4/4
  1378 | D:2      | Noticed Natasha
  1388 | D:2      | Killed Natasha
  1493 | D:2      | Noticed Natasha
  1572 | D:1      | Upgraded the game from 0.22-a0-605-g9281fa2 to 0.22-a0-608-g8a62e23
  1615 | D:1      | Reached XP level 4. HP: 19/21 MP: 5/5
  1688 | D:2      | XOM: scenery: create altars
  1759 | D:2      | Noticed Terence
  1807 | D:2      | XOM is BORED!
  1807 | D:2      | XOM: summons 2 hostile demons
  1808 | D:2      | Noticed an orange demon
  1819 | D:2      | Slain by an orange demon
  1820 | D:2      | Reached XP level 3. HP: -2/17 MP: 4/4
  1971 | D:2      | XOM: butterfly on damage
  1974 | D:2      | XOM: confuse monster(s)
  1982 | D:2      | Killed Natasha
  2035 | D:2      | Noticed Natasha
  2044 | D:2      | XOM: butterfly on damage
  2045 | D:2      | Killed from afar by Natasha

Vault maps used:
D:1:      dpeg_arrival_prison, corexii_leaking_fountain
D:2:      kennysheep_generic_room_9, uniq_terence, uniq_natasha

Skill      XL: |  1  2  3  4 |
---------------+-------------+-----
Stealth        | 1 2 |  2.5
Dodging        | 4 |  4.1
Unarmed Combat | 4 |  4.1
Fighting       | |  3.5

Action                   |  1- 3 |  4- 6 || total
-------------------------+-------+-------++-------
Melee: Unarmed           |    97 |    24 ||   121
       Bite              |     7 |     3 ||    10
       Punch             |     2 |       ||     2
 Stab: Distracted        |     1 |       ||     1
       Sleeping          |     3 |       ||     3
       Confused          |     1 |       ||     1
  Eat: Chunk             |    12 |       ||    12
Armor: Skin              |     7 |     2 ||     9
Dodge: Dodged            |    65 |    23 ||    88

Table legend:
 A = Spawn XP
 B = Non-spawn XP
 C = Spawn XP percentage of total XP
 D = Spawn monster count
 E = Non-spawn monster count
 F = Spawn count percentage of total count
 G = Total turns spent on level
                    A         B        C        D         E        F      G
               +---------+---------+-------+---------+---------+-------+---------
         Total |       0 |     155 |   0.0 |       0 |      35 |   0.0 |  2045
               +---------+---------+-------+---------+---------+-------+---------
           D:1 |       0 |      40 |   0.0 |       0 |      23 |   0.0 |  1301
           D:2 |       0 |     115 |   0.0 |       0 |      12 |   0.0 |   744
               +---------+---------+-------+---------+---------+-------+---------

Vault maps used:
D:1:      dpeg_arrival_prison, corexii_leaking_fountain
D:2:      kennysheep_generic_room_9, uniq_terence, uniq_natasha
